General information
- name: BNet
- type: Ladder team game (AT/RT)
- host: Battle.net
- saver: fineX
map: Goldshire
- players: 4
- length: 45:06
- speed: Fast
- version: 1.24 W3XP
- replay type: Public
» download(255 KB)
Players
team 1 (winner)
fineX (
orange | 90 APM | 4060 actions | 45:06)
6 Blademaster
3 Wind Walk
2 Critical Strike
1 Bladestorm
4 Shadow Hunter
2 Hex
2 Healing Wave
» actions
| Assign group hotkey | 386 | |
| Basic commands | 1 | |
| Build / train | 66 | |
| Enter build submenu | 32 | |
| Enter hero's abilities submenu | 10 | |
| Give item / drop item | 9 | |
| Remove unit from queue | 2 | |
| Right click | 2115 | |
| Select / deselect | 291 | |
| Select group hotkey | 871 | |
| Use ability | 277 | |
4060 total
» units
| Peon | 10 | |
| Troll Batrider | 9 | |
| Shaman | 4 | |
23 total
» upgrades
| Ranged Weapons | 3 | |
| Liquid Fire | 1 | |
| Shaman Training | 2 | |
| Reinforced Defenses | 1 | |
7 total
» buildings
| Altar of Storms | 1 | |
| Orc Burrow | 4 | |
| War Mill | 1 | |
| Watch Tower | 17 | |
| Stronghold | 1 | |
| Voodoo Lounge | 3 | |
| Beastiary | 2 | |
| Fortress | 1 | |
| Spirit Lodge | 1 | |
31 total
» build order
00:05 Altar of Storms
00:08 Orc Burrow
00:41 War Mill
02:20 Watch Tower
03:24 Watch Tower
04:23 Stronghold
04:33 Voodoo Lounge
05:40 Watch Tower
05:57 Watch Tower
05:58 Watch Tower
06:51 Beastiary
07:04 Orc Burrow
07:46 Beastiary
08:04 Orc Burrow
08:56 Fortress
09:48 Orc Burrow
17:54 Spirit Lodge
23:29 Watch Tower
23:30 Watch Tower
23:31 Watch Tower
24:35 Watch Tower
24:36 Watch Tower
24:36 Watch Tower
25:42 Watch Tower
25:43 Watch Tower
25:45 Watch Tower
26:56 Watch Tower
26:56 Watch Tower
26:57 Watch Tower
40:35 Voodoo Lounge
40:36 Voodoo Lounge
» items
| Healing Salve | 5 | |
| Lesser Clarity Potion | 5 | |
| Boots of Speed | 2 | |
| Circlet of Nobility | 2 | |
| Orb of Lightning | 2 | |
| Scroll of Town Portal | 3 | |
| Staff of Teleportation | 1 | |
20 total
Great_GameLorD (
purple | 111 APM | 5019 actions | 45:05)
5 Archmage
3 Blizzard
2 Brilliance Aura
4 Mountain King
2 Storm Bolt
2 Bash
4 Paladin
2 Holy Light
2 Divine Shield
» actions
| Assign group hotkey | 1498 | |
| Basic commands | 134 | |
| Build / train | 144 | |
| ESC pressed | 4 | |
| Enter build submenu | 64 | |
| Enter hero's abilities submenu | 13 | |
| Give item / drop item | 6 | |
| Remove unit from queue | 1 | |
| Right click | 1298 | |
| Select / deselect | 647 | |
| Select group hotkey | 884 | |
| Use ability | 325 | |
5019 total
» units
| Peasant | 20 | |
| Goblin Zeppelin | 3 | |
| Goblin Shredder | 1 | |
| Mortar Team | 12 | |
| Sorceress | 2 | |
| Priest | 6 | |
44 total
» upgrades
| Masonry | 3 | |
| Magic Sentry | 1 | |
| Fragmentation Shards | 1 | |
| Flare | 1 | |
| Gunpowder | 3 | |
| Plating | 3 | |
| Lumber Harvesting | 2 | |
| Sorceress Training | 2 | |
| Priest Training | 2 | |
18 total
» buildings
| Altar of Kings | 2 | |
| Lumber Mill | 1 | |
| Farm | 13 | |
| Scout Tower | 66 | |
| Guard Tower | 21 | |
| Arcane Tower | 3 | |
| Arcane Vault | 1 | |
| Keep | 2 | |
| Blacksmith | 1 | |
| Castle | 2 | |
| Town Hall | 1 | |
| Arcane Sanctum | 1 | |
| Workshop | 2 | |
| Cannon Tower | 2 | |
118 total
» build order
00:10 Altar of Kings
00:19 Lumber Mill
00:34 Farm
01:04 Farm
01:22 Scout Tower
01:25 Scout Tower
01:51 Guard Tower
01:53 Scout Tower
01:54 Guard Tower
01:55 Scout Tower
02:16 Scout Tower
02:20 Scout Tower
02:21 Arcane Tower
02:28 Guard Tower
03:12 Guard Tower
03:26 Scout Tower
03:26 Scout Tower
03:29 Scout Tower
03:30 Scout Tower
04:02 Guard Tower
04:29 Arcane Vault
04:32 Keep
04:32 Keep
04:39 Scout Tower
04:39 Scout Tower
04:41 Guard Tower
04:42 Scout Tower
04:44 Scout Tower
04:57 Arcane Tower
05:21 Guard Tower
05:22 Scout Tower
05:23 Scout Tower
05:39 Blacksmith
05:51 Guard Tower
05:55 Guard Tower
06:02 Scout Tower
06:03 Scout Tower
06:03 Scout Tower
06:06 Scout Tower
06:10 Scout Tower
06:11 Scout Tower
06:11 Scout Tower
06:12 Scout Tower
06:13 Scout Tower
06:13 Scout Tower
06:13 Scout Tower
06:14 Scout Tower
06:32 Farm
06:32 Farm
06:33 Farm
06:34 Farm
06:36 Scout Tower
06:37 Scout Tower
06:39 Scout Tower
06:39 Scout Tower
06:40 Scout Tower
06:40 Scout Tower
06:44 Scout Tower
06:44 Scout Tower
06:45 Scout Tower
06:45 Scout Tower
06:46 Scout Tower
06:46 Scout Tower
07:43 Castle
08:02 Town Hall
10:25 Guard Tower
10:43 Guard Tower
11:13 Guard Tower
11:15 Arcane Sanctum
11:34 Guard Tower
12:07 Castle
12:08 Guard Tower
13:12 Workshop
13:12 Workshop
13:14 Guard Tower
13:29 Scout Tower
13:29 Scout Tower
14:22 Arcane Tower
14:45 Farm
14:46 Farm
14:46 Farm
14:47 Farm
17:35 Farm
17:35 Farm
17:36 Farm
17:41 Scout Tower
17:41 Scout Tower
17:42 Scout Tower
17:42 Scout Tower
17:42 Scout Tower
17:43 Scout Tower
17:49 Scout Tower
17:54 Scout Tower
17:55 Scout Tower
18:23 Guard Tower
18:26 Scout Tower
18:27 Scout Tower
18:30 Scout Tower
18:31 Scout Tower
18:32 Scout Tower
18:56 Guard Tower
19:21 Guard Tower
19:23 Scout Tower
19:24 Scout Tower
19:25 Scout Tower
19:25 Scout Tower
19:26 Scout Tower
19:54 Guard Tower
20:07 Guard Tower
22:58 Scout Tower
22:59 Scout Tower
23:56 Guard Tower
27:02 Scout Tower
27:02 Scout Tower
27:03 Scout Tower
27:46 Cannon Tower
28:16 Cannon Tower
29:10 Altar of Kings
» items
| Healing Salve | 5 | |
| Lesser Clarity Potion | 5 | |
| Scroll of Speed | 3 | |
| Scroll of Town Portal | 6 | |
| Boots of Speed | 2 | |
| Potion of Lesser Invulnerability | 1 | |
| Staff of Teleportation | 2 | |
| Staff of Sanctuary | 1 | |
| Orb of Lightning | 3 | |
| Potion of Healing | 4 | |
| Potion of Mana | 1 | |
33 total
team 2 (loser)
TeK-9.RedStar (
pink | 46 APM | 2073 actions | 45:04)
5 Keeper of the Grove
3 Entangling Roots
2 Force of Nature
4 Priestess of the Moon
2 Trueshot Aura
1 Searing Arrows
1 Scout
2 Goblin Tinker
1 Cluster Rockets
1 Engineering Upgrade
» actions
| Assign group hotkey | 24 | |
| Basic commands | 1 | |
| Build / train | 109 | |
| Enter build submenu | 45 | |
| Enter hero's abilities submenu | 11 | |
| Give item / drop item | 4 | |
| Remove unit from queue | 3 | |
| Right click | 1039 | |
| Select / deselect | 578 | |
| Select group hotkey | 79 | |
| Use ability | 180 | |
2073 total
» units
| Wisp | 51 | |
| Archer | 5 | |
| Dryad | 8 | |
| Druid of the Claw | 2 | |
66 total
» upgrades
| Ultravision | 1 | |
| Nature's Blessing | 1 | |
| Improved Bows | 1 | |
| Strength of the Moon | 1 | |
| Druid of the Claw Training | 2 | |
| Abolish Magic | 1 | |
| Mark of the Claw | 1 | |
| Strength of the Wild | 1 | |
9 total
» buildings
| Altar of Elders | 1 | |
| Moon Well | 11 | |
| Hunter's Hall | 1 | |
| Ancient of War | 2 | |
| Tree of Ages | 1 | |
| Ancient of Wonders | 3 | |
| Ancient Protector | 15 | |
| Tree of Life | 4 | |
| Tree of Eternity | 1 | |
| Ancient of Lore | 3 | |
42 total
» build order
00:08 Altar of Elders
00:22 Moon Well
01:53 Hunter's Hall
01:57 Ancient of War
02:10 Ancient of War
02:26 Moon Well
04:33 Tree of Ages
04:38 Ancient of Wonders
04:50 Moon Well
05:17 Ancient Protector
05:21 Ancient Protector
05:53 Ancient of Wonders
06:00 Ancient of Wonders
07:00 Ancient Protector
07:09 Ancient Protector
08:11 Ancient Protector
08:18 Moon Well
10:13 Ancient Protector
11:28 Moon Well
11:34 Moon Well
12:05 Tree of Life
12:08 Ancient Protector
12:11 Ancient Protector
13:39 Tree of Eternity
13:44 Ancient Protector
13:48 Ancient Protector
14:18 Ancient of Lore
14:28 Ancient of Lore
14:31 Ancient of Lore
16:49 Tree of Life
17:14 Moon Well
17:19 Moon Well
17:54 Ancient Protector
18:01 Ancient Protector
18:13 Moon Well
22:59 Tree of Life
24:08 Ancient Protector
29:09 Ancient Protector
29:13 Ancient Protector
29:41 Tree of Life
30:47 Moon Well
31:07 Moon Well
» items
| Boots of Speed | 1 | |
| Staff of Teleportation | 1 | |
| Circlet of Nobility | 3 | |
| Potion of Lesser Invulnerability | 2 | |
| Potion of Healing | 2 | |
| Orb of Venom | 1 | |
| Scroll of Town Portal | 3 | |
| Scroll of Healing | 1 | |
14 total
xiaoyuud (
green | 133 APM | 5989 actions | 45:04)
6 Archmage
2 Summon Water Elemental
3 Brilliance Aura
1 Blizzard
3 Paladin
2 Holy Light
1 Divine Shield
3 Mountain King
1 Bash
2 Storm Bolt
» actions
| Assign group hotkey | 41 | |
| Basic commands | 46 | |
| Build / train | 171 | |
| ESC pressed | 10 | |
| Enter build submenu | 94 | |
| Enter hero's abilities submenu | 12 | |
| Give item / drop item | 2 | |
| Right click | 2399 | |
| Select / deselect | 1082 | |
| Select group hotkey | 1775 | |
| Use ability | 357 | |
5989 total
» units
| Peasant | 32 | |
| Footman | 4 | |
| Rifleman | 4 | |
| Flying Machine | 21 | |
| Mortar Team | 8 | |
69 total
» upgrades
| Masonry | 3 | |
| Lumber Harvesting | 2 | |
| Gunpowder | 3 | |
| Plating | 4 | |
| Fragmentation Shards | 1 | |
| Flare | 1 | |
| Flak Cannons | 1 | |
| Flying Machine Bombs | 1 | |
| Magic Sentry | 1 | |
17 total
» buildings
| Altar of Kings | 2 | |
| Barracks | 1 | |
| Farm | 15 | |
| Lumber Mill | 1 | |
| Blacksmith | 1 | |
| Scout Tower | 59 | |
| Arcane Tower | 1 | |
| Arcane Vault | 1 | |
| Guard Tower | 41 | |
| Keep | 3 | |
| Town Hall | 4 | |
| Workshop | 3 | |
| Castle | 4 | |
| Arcane Sanctum | 1 | |
137 total
» build order
00:09 Altar of Kings
00:11 Altar of Kings
00:20 Barracks
00:33 Farm
00:48 Farm
01:29 Farm
01:33 Lumber Mill
02:03 Blacksmith
02:07 Scout Tower
02:17 Farm
02:42 Arcane Tower
03:48 Arcane Vault
05:00 Scout Tower
05:02 Scout Tower
05:04 Scout Tower
05:29 Guard Tower
05:31 Guard Tower
05:35 Scout Tower
05:36 Scout Tower
05:40 Scout Tower
06:01 Guard Tower
06:01 Guard Tower
06:02 Scout Tower
06:08 Guard Tower
06:19 Scout Tower
06:45 Keep
06:45 Keep
06:46 Guard Tower
06:47 Scout Tower
06:48 Scout Tower
06:50 Scout Tower
06:52 Scout Tower
06:58 Town Hall
07:24 Guard Tower
07:32 Scout Tower
07:34 Scout Tower
07:35 Scout Tower
07:44 Guard Tower
07:55 Guard Tower
08:04 Guard Tower
08:37 Scout Tower
08:39 Scout Tower
08:40 Scout Tower
08:49 Guard Tower
09:28 Scout Tower
09:30 Scout Tower
09:33 Guard Tower
09:51 Scout Tower
09:56 Guard Tower
10:02 Guard Tower
10:11 Guard Tower
10:23 Guard Tower
10:45 Workshop
10:47 Workshop
11:02 Guard Tower
11:03 Guard Tower
11:10 Scout Tower
11:27 Workshop
11:40 Guard Tower
11:44 Scout Tower
11:45 Scout Tower
11:49 Scout Tower
12:17 Guard Tower
12:33 Guard Tower
12:47 Farm
12:48 Farm
13:01 Castle
13:01 Castle
13:02 Castle
13:37 Farm
14:15 Farm
14:17 Farm
14:47 Farm
16:50 Farm
16:51 Farm
16:57 Arcane Sanctum
17:11 Farm
17:39 Farm
17:42 Farm
20:56 Scout Tower
20:56 Scout Tower
20:56 Scout Tower
20:59 Scout Tower
21:00 Scout Tower
21:38 Guard Tower
22:15 Guard Tower
22:50 Scout Tower
24:57 Scout Tower
24:57 Scout Tower
24:58 Scout Tower
24:59 Scout Tower
25:26 Guard Tower
25:28 Scout Tower
25:29 Scout Tower
25:30 Guard Tower
25:30 Scout Tower
25:37 Scout Tower
25:58 Guard Tower
26:00 Guard Tower
26:01 Scout Tower
26:02 Scout Tower
26:02 Guard Tower
26:03 Scout Tower
26:09 Scout Tower
26:15 Guard Tower
26:31 Guard Tower
26:34 Scout Tower
26:42 Guard Tower
27:18 Guard Tower
30:37 Guard Tower
35:18 Town Hall
35:40 Scout Tower
35:40 Scout Tower
35:41 Scout Tower
35:41 Scout Tower
36:01 Scout Tower
36:01 Scout Tower
36:02 Scout Tower
36:03 Scout Tower
36:03 Scout Tower
36:04 Scout Tower
36:12 Guard Tower
36:19 Guard Tower
36:31 Guard Tower
36:32 Guard Tower
36:34 Guard Tower
36:34 Guard Tower
36:35 Guard Tower
37:57 Scout Tower
37:58 Scout Tower
38:03 Scout Tower
38:03 Scout Tower
39:50 Town Hall
43:19 Town Hall
» items
| Lesser Clarity Potion | 3 | |
| Scroll of Regeneration | 2 | |
| Potion of Lesser Invulnerability | 1 | |
| Staff of Teleportation | 1 | |
| Boots of Speed | 1 | |
| Dust of Appearance | 1 | |
| Tome of Retraining | 1 | |
10 total
Chat log
(00:04 / Allies) Great_GameLorD: timg clan
(00:14 / All) fineX: DO U KNOW TIMG4STROK
(00:26 / All) TeK-9.RedStar: no im fake tek9
(00:29 / Allies) fineX: oh werdc
(00:32 / All) fineX: oh werd
(02:06 / Allies) fineX: u should do ,most towering imo
(02:14 / Allies) fineX: shit
(02:36 / Allies) Great_GameLorD: feed lum
(03:20 / Allies) fineX: nj
(03:51 / Allies) Great_GameLorD: get am
(03:59 / Allies) Great_GameLorD: ur gay
(04:02 / Allies) fineX: sory
(04:33 / Allies) Great_GameLorD: shop
(04:36 / Allies) fineX: goin up
(04:51 / Allies) fineX: tt
(05:00 / Allies) fineX: its the bottem wizard btw
(05:05 / Allies) fineX: for future reference
(05:07 / Allies) fineX: creep camps rite i tihnk
(05:36 / All) fineX: wiat why would someone wanna fake tek 9
(05:43 / All) fineX: ur a liatr
(05:44 / All) TeK-9.RedStar: trhere awesome
(05:59 / Allies) Great_GameLorD: gold
(06:22 / Allies) Great_GameLorD: well our main threat is hawks
(08:18 / Allies) Great_GameLorD: gold
(08:30 / Allies) Great_GameLorD: lets get shredder
(08:35 / Allies) fineX: ok
(08:52 / Allies) Great_GameLorD: 100lum me
(09:16 / Allies) fineX: they banking
(09:59 / Allies) fineX: they got staff of tp
(10:04 / Allies) fineX: so watch out for tp into base and shit
(10:11 / Allies) Great_GameLorD: move ur ass
(10:42 / Allies) fineX: pes
(10:46 / Allies) fineX: also upg all those scout
(10:53 / Allies) Great_GameLorD: waiting on lum
(10:58 / Allies) Great_GameLorD: we just creep as much as we can then wait
(11:09 / Allies) fineX: get invis upg
(12:09 / Allies) fineX: both staffs gone
(12:13 / Allies) fineX: theyre gonna b in our base prolyl
(12:26 / Allies) Great_GameLorD: wow we win
(13:47 / Allies) Great_GameLorD: go scout they base with bm lawl
(13:51 / Allies) fineX: ok
(13:52 / Allies) Great_GameLorD: dont lose hero
(14:36 / Allies) Great_GameLorD: gyros
(14:37 / Allies) Great_GameLorD: lawl
(14:37 / Allies) fineX: get units
(14:39 / Allies) Great_GameLorD: so be rdy with bats
(14:48 / Allies) fineX: get units
(15:09 / Allies) fineX: lores lmao
(15:20 / Allies) fineX: i got their tome int
(15:22 / Allies) fineX: +2
(16:23 / Allies) fineX: i could kill paladin prolly
(16:23 / Allies) fineX: i try
(16:36 / Allies) Great_GameLorD: entangle
(16:45 / Allies) fineX: no entanglin
(17:06 / Allies) Great_GameLorD: cancel that
(17:08 / Allies) fineX: ill get
(17:22 / Allies) fineX: i guess hteyre just gonna bank
(17:38 / Allies) Great_GameLorD: tech bloodlust
(18:17 / All) fineX: im gay
(18:20 / Allies) Great_GameLorD: no site tower
(18:22 / All) TeK-9.RedStar: yea
(18:23 / All) TeK-9.RedStar: u are
(18:51 / Allies) fineX: yads
(19:16 / Allies) Great_GameLorD: woops
(19:16 / Allies) fineX: he got site
(19:58 / Allies) fineX: we got adv
(20:03 / Allies) fineX: similar gold but we got higher lvls
(20:12 / Allies) Great_GameLorD: bad
(21:33 / Allies) fineX: theyre towering it
(23:11 / Allies) Great_GameLorD: nice trade for us
(23:23 / Allies) fineX: ill get fort ones up
(23:28 / Allies) Great_GameLorD: bats?
(23:35 / Allies) fineX: omw
(23:41 / Allies) Great_GameLorD: no big deal they gone
(24:01 / Allies) fineX: zep
(24:42 / Allies) fineX: lol
(25:51 / Allies) fineX: noob
(26:08 / Allies) fineX: lmao
(26:12 / Allies) fineX: my towers can jus kill it...
(26:29 / Allies) fineX: lmao
(26:46 / Allies) fineX: werzep
(27:14 / Allies) fineX: lust ur guys
(28:57 / Allies) Great_GameLorD: using ur bats ok
(29:02 / Allies) fineX: kok
(33:23 / Allies) fineX: hm
(35:10 / Allies) Great_GameLorD: wow
(35:11 / Allies) Great_GameLorD: bad lmao
(35:12 / Allies) fineX: wow ur a noob
(35:16 / Allies) Great_GameLorD: lmao
(35:30 / Allies) Great_GameLorD: too bad cuz otherwise we're winning
(36:48 / Allies) fineX: mort over this cliff
(37:47 / Allies) Great_GameLorD: make units right now
(37:52 / Allies) Great_GameLorD: i guess
(37:53 / Allies) fineX: what u want
(38:00 / Allies) Great_GameLorD: bloodlust
(38:08 / Allies) Great_GameLorD: im going 100
(38:10 / Allies) Great_GameLorD: we dont have a mine
(38:13 / Allies) fineX: ok
(39:01 / Allies) fineX: lmao
(40:30 / Allies) Great_GameLorD: make shop here
(41:54 / Allies) fineX: mass gyros
(41:57 / Allies) fineX: atr ther thing
(44:20 / Allies) fineX: pally down
(44:32 / Allies) fineX: omw